 Dungeon Crawl Stone Soup version 0.27.1-1-g398f81649c (webtiles) character file.

Game seed: 3098656392078728978

1171 greenlake the Fighter (level 8, -2/117 HPs)
             Began as a Red Draconian Monk on Sept 14, 2021.
             Killed from afar by Maggie (3 damage)
             ... with a bolt of fire
             ... on level 6 of the Dungeon.
             The game lasted 00:15:47 (6356 turns).

greenlake the Fighter (Red Draconian Monk)          Turns: 6356, Time: 00:15:48

Health: -2/117     AC: 24    Str: 13    XL:     8   Next: 18%
Magic:  12/12      EV:  2    Int: 13    God:
Gold:   193        SH:  0    Dex: 14    Spells: 10/12 levels left

rFire    . . .     SeeInvis .   a - +0 falchion
rCold    . . .     Faith    .   (no shield)
rNeg     + + +     Spirit   .   (armour unavailable)
rPois    +         Reflect  .   (helmet currently unavailable)
rElec    .         Harm     .   (cloak currently unavailable)
rCorr    .         Rampage  .   (gloves currently unavailable)
Will     .....     Clarity  +   (boots currently unavailable) Stlth ++........NoTele +
                                (no amulet)
HPRegen  0.29/turn              (no ring)
MPRegen  0.13/turn              (no ring)

@: mighty, tree-form, attractive, mesmerised
A: stationary, stasis, torment immunity, boosted hp, (breathe fire), AC +6,
unfitting armour, (fire resistance 1), (cold-blooded), clarity, subdued magic 1
a: no special abilities


You were on level 6 of the Dungeon.
You were a tree.
You visited 1 branch of the dungeon, and saw 6 of its levels.

You collected 193 gold pieces.

Inventory:

Hand Weapons
 a - a +0 falchion (weapon)
Missiles
 A - 11 poisoned darts (quivered)
Armour
 h - a +0 pair of boots (melded)
Jewellery
 g - a ring of wizardry
 l - a ring of protection from fire
 n - a ring of protection from cold
 B - the ring "Jodest" {Fly Will+}
   (You found it on level 6 of the Dungeon)

   [ring of flight]

   Fly:       It grants you flight.
   Will:      It increases your willpower.
Wands
 o - a wand of paralysis (3)
Scrolls
 b - 10 scrolls of identify {unknown}
 d - 3 scrolls of teleportation
 e - a scroll of noise {unknown}
 f - a scroll of enchant weapon {unknown}
 i - 3 scrolls of amnesia {unknown}
 j - 3 scrolls of silence {unknown}
 m - 2 scrolls of fog {unknown}
 r - a scroll of holy word {unknown}
 s - a scroll of vulnerability {unknown}
 t - a scroll of enchant armour {unknown}
 v - a scroll of fear {unknown}
 w - 3 scrolls of blinking {unknown}
 y - a scroll of immolation {unknown}
 z - a scroll of acquirement {unknown}
Potions
 c - 2 potions of mutation
 k - a potion of lignification


   Skills:
 - Level 9.0 Fighting
 - Level 4.1 Long Blades
 - Level 2.6 Dodging
 - Level 1.7 Stealth
 + Level 2.9 Spellcasting
 + Level 3.2 Conjurations
 + Level 1.6 Fire Magic


You had 10 spell levels left.
You knew the following spells:

 Your Spells              Type           Power      Damage    Failure   Level
a - Magic Dart            Conj           32%        1d4       4%          1
b - Foxfire               Conj/Fire      24%        2x1d5     7%          1

Your spell library contained the following spells:

 Spells                   Type           Power      Damage    Failure   Level
 Searing Ray              Conj           16%        3d3       7%          2
 Beastly Appendage        Tmut           2%         N/A       21%         1
 Conjure Flame            Conj/Fire      6%         6-21      22%         3
 Call Imp                 Summ           1%         N/A       30%         2
 Corpse Rot               Necr/Air       N/A        N/A       30%         2
 Wereblood                Tmut           1%         N/A       30%         2
 Mephitic Cloud           Conj/Pois/Air  3%         N/A       36%         3
 Inner Flame              Hex/Fire       3%         N/A       41%         3
 Spider Form              Tmut/Pois      0%         N/A       52%         3
 Fulminant Prism          Conj/Hex       2%         3d6       71%         4
 Dispel Undead            Necr           1%         3d6       91%         4
 Death Channel            Necr           0%         N/A       100%        6


Dungeon Overview and Level Annotations

Branches:
Dungeon (6/15)
 Temple: D:4-7

Altars:
Ashenzari
Qazlal
Uskayaw

Annotations:
D:2 1 runed translucent door, Crazy Yiuf
D:6 Maggie


Innate Abilities, Weirdness & Mutations

You are a tree.
Your roots penetrate the ground, keeping you stationary.
You cannot be teleported.
You are immune to unholy pain and torment.
Your maximum health is greatly increased.
Your equipment is partially melded.
((You can breathe blasts of fire.))
((Your fiery red scales are hard. (AC +6)))
You cannot fit into any form of body armour.
((Your flesh is heat resistant. (rF+)))
((You are cold-blooded and may be slowed by cold attacks.))
You possess an exceptional clarity of mind.
Your spells are a little easier to cast, but a little less powerful.


Message History

Maggie hits you with a +0 glaive!!
* * * LOW HITPOINT WARNING * * *
You feel better. Maggie closely misses you.
It was a potion of lignification.
You turn into a tree.
Your +0 pair of boots melds into your body.
Your roots penetrate the ground.
Maggie mumbles some strange words.
Maggie draws you further into her thrall.
It was a potion of attraction.
You feel attractive to monsters.
You have got your breath back.
Maggie points at you and mumbles some strange words.
The bolt of fire misses you.
Sorry, you're not good enough to have a special ability.
It was a potion of berserk rage.
You are too mesmerised to rage.
Maggie hits you but does no damage.
It was a potion of might.
You feel very mighty all of a sudden. Maggie hits you with a +0 glaive.
* * * LOW HITPOINT WARNING * * *
As you read the scroll labelled YWOSURU IRUULIE, it crumbles to dust.
You feel a strange sense of stasis.
It was a scroll of teleportation.
Maggie hits you with a +0 glaive.
* * * LOW HITPOINT WARNING * * *
You slash Maggie!
Maggie is severely wounded.
Maggie hits you but does no damage.
You hit Maggie.
Maggie is severely wounded.
Maggie hits you with a +0 glaive!
* * * LOW HITPOINT WARNING * * *
You barely miss Maggie.
Maggie is severely wounded.
Maggie mumbles some strange words.
Maggie draws you further into her thrall.
You slash Maggie!
Maggie is almost dead.
Maggie points at you and mumbles some strange words.
The bolt of fire hits you.
You die...

##...##.# ##.....#.#
##........##########
#............).@..@.
##.......#.######..#
##.....#### #...
#..(.## #... #@#.##
#..# #♣### #####..#
#.#########.......
#........#...##..#
########......#...
#........##
##.....### ##...##
#########.##
....[.....#


You could see Maggie (mesmerising).

Vanquished Creatures
  Eustachio (D:6)
  A black bear (D:6)
  A phantom (D:4)
  A bullfrog (D:6)
  A scorpion (D:5)
  A wyvern skeleton (D:5)
  A water moccasin skeleton (D:5)
  A howler monkey (D:5)
  A jelly (D:6)
  3 bullfrog zombies
  5 hounds
  An orc priest (D:5)
  2 hound skeletons (D:4)
  6 gnolls
  2 river rats (D:4)
  8 adders
  A howler monkey skeleton (D:5)
  2 shadow imps
  2 worms
  2 dart slugs (D:4)
  9 orcs
  9 ball pythons
  3 endoplasms
  6 goblins
  11 hobgoblins
  3 jackals (D:2)
  3 quokkas
  6 bats
  A frilled lizard (D:1)
  6 kobolds
  9 rats
109 creatures vanquished.

Vanquished Creatures (others)
  19 plants (D:4)
19 creatures vanquished.

Grand Total: 128 creatures vanquished

Notes
Turn   | Place    | Note
-------+----------+-------------------------------------------
     0 | D:1      | greenlake the Draconian Monk began the quest for the Orb.
     0 | D:1      | Reached XP level 1. HP: 19/19 MP: 1/1
   317 | D:1      | Reached XP level 2. HP: 27/27 MP: 2/2
   326 | D:1      | Reached skill level 4 in Fighting
   757 | D:2      | Reached XP level 3. HP: 34/34 MP: 3/3
   816 | D:2      | Found a runed translucent door.
   817 | D:2      | Noticed Crazy Yiuf
   902 | D:2      | Reached skill level 5 in Fighting
  1145 | D:2      | You fall into a shaft and drop 1 floor!
  1158 | D:3      | Reached XP level 4. HP: 39/42 MP: 4/4
  1391 | D:3      | Noticed a +0 dagger
  1392 | D:3      | Noticed a +0 dagger
  1392 | D:3      | Noticed a +0 spear
  1392 | D:3      | Noticed a +0 falchion
  1393 | D:3      | Noticed a +0 short sword
  1394 | D:3      | Noticed a +0 short sword
  1395 | D:3      | Noticed a +0 spear
  1396 | D:3      | Noticed a +0 falchion
  1399 | D:3      | Found a hide-covered altar of Uskayaw.
  1789 | D:3      | Reached skill level 6 in Fighting
  1899 | D:4      | Reached XP level 5. HP: 34/51 MP: 5/5
  2474 | D:4      | Reached skill level 7 in Fighting
  2587 | D:4      | Reached XP level 6. HP: 58/60 MP: 6/6
  2922 | D:4      | Found a broken altar of Ashenzari.
  2969 | D:4      | Reached skill level 8 in Fighting
  3573 | D:5      | Entered Level 5 of the Dungeon
  3640 | D:5      | Your scales start taking on a fiery red colour.
  3640 | D:5      | Reached XP level 7. HP: 31/69 MP: 7/7
  3640 | D:5      | Gained mutation: Your flesh is heat resistant. (rF+) [Red
                  | Draconian growth]
  3819 | D:5      | Learned a level 1 spell: Magic Dart
  3894 | D:5      | Reached skill level 9 in Fighting
  3966 | D:5      | Reached skill level 1 in Conjurations
  4002 | D:5      | Reached skill level 1 in Spellcasting
  4377 | D:5      | Noticed a troll
  5160 | D:6      | Noticed Maggie
  5192 | D:6      | Reached XP level 8. HP: 61/78 MP: 11/11
  5449 | D:5      | Learned a level 1 spell: Foxfire
  5551 | D:6      | Found a stormy altar of Qazlal.
  5698 | D:6      | Identified the ring "Jodest" {Fly Will+}
  5706 | D:6      | Noticed Eustachio
  6071 | D:6      | Killed Eustachio
  6072 | D:6      | Reached skill level 1 in Fire Magic
  6346 | D:6      | Gained mutation: You possess an exceptional clarity of
                  | mind. [potion of mutation]
  6346 | D:6      | Gained mutation: Your spells are a little easier to cast,
                  | but a little less powerful. [potion of mutation]
  6346 | D:6      | HP: 1/78 [Maggie (18)]
  6354 | D:6      | HP: 1/117 [Maggie (7)]
  6356 | D:6      | Killed from afar by Maggie

Illustrated notes

Levels and vault maps discovered:
D:1:      minmay_arrival_glassed_features, layout_rooms, minmay_misc_feat_x
D:2:      layout_rooms, uniq_crazy_yiuf_cottage
D:3:      layout_rooms, nicolae_uskayaw_en_pointe, kennysheep_generic_room_16
D:4:      layout_cave_pools, ashenzari_conservatory_becter, serial_bayou,
          serial_bayou_ford_a, serial_bayou_shore_a, serial_bayou_pond_c,
          serial_bayou_crossing, lightli_sewer_entry_pipes
D:5:      layout_basic
D:6:      layout_loops_ring, old_standard_altar, uniq_maggie, uniq_eustachio

Skill      XL: |  1  2  3  4  5  6  7  8 |
---------------+-------------------------+-----
Fighting       | 4 5 6 7 8 9 |  9.0
Conjurations   | 2 3 |  3.2
Spellcasting   | 2 |  2.9
Long Blades    | 4 |  4.1
Fire Magic     | 1 |  1.6
Dodging        | |  2.6
Stealth        | |  1.7

Action                   |  1- 3 |  4- 6 |  7- 9 || total
-------------------------+-------+-------+-------++-------
Melee: Falchion          |   105 |   235 |   182 ||   522
       Tailslap          |    21 |    37 |    30 ||    88
 Cast: Magic Dart        |       |       |    11 ||    11
 Abil: Breathe Fire      |       |       |     7 ||     7
  Use: Potion            |       |       |     6 ||     6
       Scroll            |       |       |     1 ||     1
 Stab: Sleeping          |     8 |     2 |       ||    10
       Distracted        |       |     1 |       ||     1
Armor: Skin              |    38 |    93 |    68 ||   199
Dodge: Dodged            |    77 |   168 |   122 ||   367
       Rpst.: Falchion   |    20 |    48 |    25 ||    93
